 Dungeon Crawl Stone Soup version 0.20.1-1-g8b1a95d (webtiles) character file.

14908 troglodite the Fighter (level 11, -8/87 HPs)
             Began as a Demonspawn Berserker on Dec 12, 2017.
             Was a High Priest of Trog.
             Mangled by a sun demon (15 damage)
             ... summoned by a kobold demonologist
             ... on level 13 of the Dungeon.
             The game lasted 00:39:40 (10199 turns).

troglodite the Fighter (Demonspawn Berserker)      Turns: 10199, Time: 00:39:41

Health: -8/87      AC: 11    Str: 17      XL:     11   Next: 94%
Magic:  0/11       EV: 14    Int:  9      God:    Trog [*****.]
Gold:   636        SH: 16    Dex: 19 (20) Spells: 10/10 levels left

rFire    + . .     SeeInvis +   J - +11 morningstar of the Vulture {crush, rN+ Str-2 SInv Stlth+}
rCold    . . .     Gourm    .   y - +0 large shield
rNeg     + . .     Faith    .   H - +1 leather armour of Summertime {Slay+2}
rPois    .         Spirit   +   (helmet restricted)
rElec    .         Reflect  .   m - +1 cloak
rCorr    .         Harm     .   r - +2 pair of gloves
MR       +....                  z - +0 pair of boots
Stlth    ++++......             l - amulet of regeneration
Regen    0.7/turn               f - +6 ring of dexterity
MPRegen  0.3/turn               j - ring of protection from magic

@: lethally poisoned (-8 -> -43), about to teleport, drained
A: antennae 1, hooves 1, fire resistance 1, magic shield, magic regeneration,
flame cloud immunity
a: Berserk, Trog's Hand, Brothers in Arms, Burn Spellbooks, Renounce Religion


You were on level 13 of the Dungeon.
You worshipped Trog.
Trog was extremely pleased with you.
You were not hungry.

You visited 1 branch of the dungeon, and saw 13 of its levels.
You also visited: Ossuary.

You collected 998 gold pieces.
You spent 362 gold pieces at shops.

Inventory:

Hand Weapons
 J - the +11 morningstar of the Vulture (weapon) {crush, rN+ Str-2 SInv Stlth+}
   (You took it off a centaur on level 6 of the Dungeon)

   It inflicts extra damage upon your enemies.
   It affects your strength (-2).
   It protects you from negative energy.
   It lets you see invisible.
   It makes you more stealthy.
 Z - a +8 antimagic double sword
Armour
 e - a +3 leather armour
 m - a +1 cloak (worn)
 r - a +2 pair of gloves (worn)
 y - a +0 large shield (worn)
 z - a +0 pair of boots (worn)
 H - the +1 leather armour of Summertime (worn) {Slay+2}
   (You bought it in a shop on level 5 of the Dungeon)

   It affects your accuracy and damage with ranged weapons and melee attacks
   (+2).
Jewellery
 f - a +6 ring of dexterity (left hand)
 j - a ring of protection from magic (right hand)
 l - an amulet of regeneration (around neck)
 s - an uncursed ring of flight
 v - an uncursed ring of stealth
 w - an uncursed amulet of harm {unknown}
 L - an uncursed ring of fire
 U - an uncursed ring of protection from magic
 W - an uncursed ring of ice
Wands
 o - a wand of lightning (13/15)
 A - a wand of acid (7/15)
 M - a wand of digging (24/24)
 O - a wand of confusion (23/48)
 P - a wand of confusion (25/48)
 S - a wand of polymorph (18/24)
 V - a wand of paralysis (6/24)
Scrolls
 p - 5 scrolls of remove curse
 q - 6 scrolls of teleportation
 B - 6 scrolls of magic mapping
 D - a scroll of fear
Potions
 a - 2 potions of lignification
 b - 6 potions of heal wounds
 h - 2 potions of berserk rage
 i - 5 potions of curing
 k - 3 potions of ambrosia
 n - a potion of agility
 u - 2 potions of mutation
 x - 2 potions of cancellation
 C - 4 potions of brilliance
 F - a potion of flight
 G - a potion of experience {unknown}
 Q - 2 potions of haste
 Y - 2 potions of might
Books
 R - a book of Necromancy

   Spells                             Type                      Level
   a - Pain                           Necromancy                   1
   b - Animate Skeleton               Necromancy                   1
   c - Vampiric Draining              Necromancy                   3
   d - Regeneration                   Charms/Necromancy            3
   e - Animate Dead                   Necromancy                   4
   f - Control Undead                 Necromancy                   4
   Trog disapproves of the use of such an item.
Comestibles
 c - 9 bread rations
 d - 2 royal jellies
 g - 5 meat rations
 t - 2 chunks of flesh
 I - 10 fruits


   Skills:
 * Level 8.4(8.3) Fighting
   Level 3.6(4.9) Short Blades
 + Level 5.5(5.9) Long Blades
 + Level 6.5(6.4) Maces & Flails
 * Level 7.2(7.1) Armour
 * Level 7.6(7.4) Dodging
 + Level 4.2(4.1) Stealth
 * Level 8.3(8.2) Shields


You had 10 spell levels left.
You didn't know any spells.

Dungeon Overview and Level Annotations

Branches:
Dungeon (13/15)            Temple (0/1) D:4            Lair (0/6) D:9
    Orc (0/2) D:11
 Vaults: D:13-14

Altars:
Elyvilon
Fedhas
Hepliaklqana
Ru
Sif Muna
Trog
Vehumet

Shops:
D:5 [   D:7 :   D:11 (


Innate Abilities, Weirdness & Mutations

You have a pair of small antennae on your head.
You have large cloven feet.
Your flesh is heat resistant. (rF+)
When hurt, damage is shared between your health and your magic reserves.
You regenerate magic rapidly.
You are immune to clouds of flame.


Message History

* * * LOW HITPOINT WARNING * * *
You block the ufetubus's attack.
As you read the scroll of teleportation, it crumbles to dust.
You feel strangely unstable.
You feel very sick. You block the sun demon's attack.
The white imp gestures at you. You block the puff of frost.
The kobold demonologist hits you with a dagger of draining.
* * * LOW HITPOINT WARNING * * *
You partially resist.
You feel drained. The kobold misses you.
The kobold hits you but does no damage. You block the ufetubus's attack.
The ufetubus misses you. The orange demon stings you from afar!
* * * LOW HITPOINT WARNING * * *
You are more poisoned.
The orange demon poisons you! You block the ufetubus's attack.
The ufetubus closely misses you.
The kobold demonologist gestures wildly while chanting.
The sun demon hits you!
You die...

##.........
#..........
##..........
#...........
##...........
#...4........
#..5K54.....
##5K@KK.....
##[553KK.....
##...5K34...%. ##
###.##..5.......
.####
##..####...#.....
....####..##
##...##..#
##....#..##
##...####
###...### #..#
###.# #..


You could see a sun demon, an orange demon, a rust devil, 2 kobold
demonologists, a ynoxinul, a red devil, a white imp, a shadow imp, 5 ufetubi and
5 kobolds.

Vanquished Creatures
  Josephine (D:12)
  A two-headed ogre (D:12)
  An unseen horror (D:12)
  A deep elf mage (D:13)
  2 ugly things (D:12)
  2 centaur zombies (D:11)
  Psyche (D:12)
  A gargoyle (D:10)
  A kobold demonologist (D:13)
  2 trolls
  A hornet (D:11)
  Prince Ribbit (D:6)
  2 hippogriffs
  Sigmund (D:5)
  A vampire (D:13)
  3 yaks (D:11)
  Eustachio (D:5)
  A basilisk (D:13)
  3 wraiths (D:12)
  The ghost of Caim the Vexing, an amateur CeAM of Elyvilon (D:4)
  A steam dragon (D:9)
  2 acid dragons
  2 wargs (D:9)
  A water moccasin (D:8)
  A necrophage (D:9)
  4 ice beasts
  4 black bears
  6 sky beasts
  4 orc warriors
  A phantom (D:5)
  An eye of draining (D:11)
  A hornet zombie (D:10)
  5 centaurs
  11 ogres
  A crocodile (D:12)
  3 big kobolds
  5 bullfrogs
  5 scorpions
  3 wights (D:11)
  7 crimson imps
  12 orc priests
  A centaur skeleton (D:5)
  9 hounds
  A jelly (D:6)
  A human zombie (Ossuary)
  3 quasits
  A bullfrog skeleton (D:4)
  11 orc wizards
  3 iguanas
  6 worker ants
  A big kobold zombie (Ossuary)
  A hound skeleton (D:6)
  4 mummies (Ossuary)
  7 gnolls
  A howler monkey skeleton (D:6)
  10 adders
  4 shadow imps
  An adder zombie (Ossuary)
  An adder skeleton (D:5)
  5 worms
  2 dart slugs
  3 leopard geckos
  45 orcs
  2 giant cockroaches
  14 goblins
  2 hobgoblins
  13 jackals
  14 kobolds
  A quokka (D:4)
  A ball python (D:4)
  4 bats
  4 frilled lizards
  A gnoll zombie (Ossuary)
  A goblin zombie (Ossuary)
  2 hobgoblin zombies (Ossuary)
  A jackal zombie (Ossuary)
  2 kobold zombies (Ossuary)
  An orc zombie (Ossuary)
  A quokka zombie (D:7)
  8 rats
  A rat zombie (Ossuary)
302 creatures vanquished.

Vanquished Creatures (collateral kills)
  A death knight (D:6)
1 creature vanquished.

Grand Total: 303 creatures vanquished

Notes
Turn   | Place    | Note
-------+----------+-------------------------------------------
     0 | D:1      | troglodite the Demonspawn Berserker began the quest for the Orb.
     0 | D:1      | Reached XP level 1. HP: 18/18 MP: 1/1
    37 | D:1      | Gained mutation: When hurt, damage is shared between your health and your magic reserves. [demonic ancestry]
    37 | D:1      | Reached XP level 2. HP: 15/24 MP: 2/2
   748 | D:2      | Reached XP level 3. HP: 29/29 MP: 3/3
   751 | D:2      | Found a sacrificial altar of Ru.
   915 | D:2      | Found a blossoming altar of Fedhas.
   919 | D:2      | Reached ** piety under Trog
  1510 | D:3      | Gained mutation: You have large cloven feet. [demonic ancestry]
  1510 | D:3      | Reached XP level 4. HP: 36/36 MP: 2/4
  1580 | D:3      | Found a radiant altar of Vehumet.
  1980 | D:3      | Gained mutation: Your flesh is heat resistant. (rF+) [demonic ancestry]
  1980 | D:3      | Reached XP level 5. HP: 39/42 MP: 5/5
  2194 | D:4      | Noticed Caim's ghost (amateur CeAM)
  2204 | D:4      | Killed Caim's ghost
  2204 | D:4      | Gained mutation: You have a pair of small antennae on your head. [demonic ancestry]
  2204 | D:4      | Reached XP level 6. HP: 48/48 MP: 3/6
  2543 | D:4      | Found a staircase to the Ecumenical Temple.
  2884 | D:4      | Reached *** piety under Trog
  2966 | D:4      | Reached XP level 7. HP: 55/55 MP: 7/7
  3050 | D:5      | Entered Level 5 of the Dungeon
  3077 | D:5      | Noticed Sigmund
  3078 | D:5      | Found a sand-covered staircase.
  3089 | D:5      | Killed Sigmund
  3089 | D:5      | Reached skill level 5 in Long Blades
  3089 | D:5      | Reached skill level 1 in Shields
  3134 | Ossuary  | Entered an ossuary
  3408 | D:5      | Found a blossoming altar of Fedhas.
  3496 | D:5      | Noticed Eustachio
  3518 | D:5      | Killed Eustachio
  3518 | D:5      | Reached skill level 5 in Fighting
  3564 | D:5      | Gained mutation: You are immune to clouds of flame. [demonic ancestry]
  3564 | D:5      | Reached XP level 8. HP: 62/62 MP: 8/8
  3639 | D:5      | Reached skill level 1 in Stealth
  3773 | D:5      | Found Feesec's Antique Armour Boutique.
  3803 | D:5      | Bought a heavily runed leather armour for 175 gold pieces
  3813 | D:5      | Identified the +1 leather armour of Summertime {Slay+2} (You bought it in a shop on level 5 of the Dungeon)
  3813 | D:5      | Bought a glowing chain mail for 187 gold pieces
  3870 | D:5      | Found a white marble altar of Elyvilon.
  3870 | D:5      | Noticed a hippogriff
  3889 | D:5      | Killed a hippogriff
  3889 | D:5      | Reached skill level 1 in Short Blades
  4196 | D:6      | Noticed a death knight
  4370 | D:6      | Reached **** piety under Trog
  4417 | D:6      | Noticed Prince Ribbit
  4461 | D:6      | Killed a death knight
  4461 | D:6      | Reached skill level 5 in Dodging
  4461 | D:6      | Reached XP level 9. HP: 69/69 MP: 5/9
  4517 | D:6      | Killed Prince Ribbit
  4703 | D:6      | Reached skill level 5 in Shields
  4761 | D:6      | Reached skill level 5 in Armour
  4788 | D:6      | Got an uncursed slimy morningstar {crush}
  4875 | D:6      | Identified the +11 morningstar of the Vulture {crush, rN+ Str-2 SInv Stlth+} (You took it off a centaur on level 6 of the Dungeon)
  5180 | D:7      | Found Ighihalud's Book Shop.
  5286 | D:7      | Reached skill level 1 in Maces & Flails
  5415 | D:7      | Found a bloodstained altar of Trog.
  5580 | D:7      | Gained mutation: You regenerate magic rapidly. [demonic ancestry]
  5580 | D:7      | Reached XP level 10. HP: 77/77 MP: 10/10
  5769 | D:7      | Found a deep blue altar of Sif Muna.
  6354 | D:8      | Got a transparent spear
  6355 | D:8      | Identified the +8 spear "Cubb" {pierce, +Blink} (You found it on level 8 of the Dungeon)
  6602 | D:8      | Found a hazy altar of Hepliaklqana.
  7166 | D:9      | Reached ***** piety under Trog
  7281 | D:9      | Found a staircase to the Lair.
  7736 | D:10     | Entered Level 10 of the Dungeon
  8084 | D:10     | Noticed a gargoyle
  8093 | D:10     | Killed a gargoyle
  8202 | D:10     | Received a gift from Trog
  8513 | D:11     | Reached XP level 11. HP: 84/84 MP: 11/11
  8526 | D:11     | Paralysed by a hornet for 2 turns
  8531 | D:11     | Paralysed by a hornet for 3 turns
  8740 | D:11     | Found a staircase to the Orcish Mines.
  8763 | D:11     | Reached skill level 5 in Maces & Flails
  8809 | D:11     | Got an uncursed brightly glowing quarterstaff {crush}
  8827 | D:11     | Identified the +6 quarterstaff of Doom {crush, rPois} (You took it off a centaur on level 11 of the Dungeon)
  8840 | D:11     | Found Sorox's Weapon Shoppe.
  9275 | D:12     | Noticed a white ugly thing
  9282 | D:12     | Killed a white ugly thing
  9425 | D:12     | Noticed Psyche
  9427 | D:12     | Noticed Josephine
  9427 | D:12     | Noticed a purple ugly thing
  9436 | D:12     | Killed Psyche
  9441 | D:12     | Killed a purple ugly thing
  9454 | D:12     | Killed Josephine
  9454 | D:12     | Received a gift from Trog
  9565 | D:12     | Noticed an unseen horror
  9572 | D:12     | Killed an unseen horror
  9926 | D:12     | Noticed a two-headed ogre
  9937 | D:12     | Killed a two-headed ogre
  9986 | D:13     | Noticed a tengu warrior
 10020 | D:13     | Noticed a deep elf mage
 10027 | D:13     | Killed a deep elf mage
 10186 | D:13     | Noticed a sun demon
 10193 | D:13     | Noticed a sun demon
 10199 | D:13     | Mangled by a sun demon

Skill      XL: |  1  2  3  4  5  6  7  8  9 10 11 |
---------------+----------------------------------+-----
Dodging        | 2 3 4 5 6 7 |  7.6
Armour         | 2 3 4 5 6 7 |  7.2
Long Blades    | 3 4 5 |  5.5
Fighting       | 4 5 6 7 8 |  8.4
Shields        | 2 4 5 6 8 |  8.3
Stealth        | 2 3 4 |  4.2
Short Blades   | 3 |  3.6
Maces & Flails | 1 4 6 |  6.5

Action                   |  1- 3 |  4- 6 |  7- 9 | 10-12 || total
-------------------------+-------+-------+-------+-------++-------
Melee: Falchion          |    92 |   127 |   140 |       ||   359
       Kick              |       |    37 |       |       ||    37
       Rapier            |       |       |   194 |       ||   194
       Morningstar       |       |       |    49 |   360 ||   409
Invok: Berserk           |     1 |     3 |     9 |     6 ||    19
       Burn Spellbooks   |       |     1 |       |     3 ||     4
       Brothers in Arms  |       |       |     1 |       ||     1
  Use: Scroll            |       |     5 |    13 |    14 ||    32
 Stab: Sleeping          |     1 |       |    12 |    15 ||    28
  Eat: Chunk             |     2 |     7 |    13 |    20 ||    42
       Meat ration       |       |       |     1 |       ||     1
       Royal jelly       |       |       |       |     1 ||     1
Armor: Animal skin       |     4 |       |       |       ||     4
       Leather armour    |    40 |    34 |   142 |   101 ||   317
Dodge: Dodged            |    83 |    68 |   168 |   227 ||   546
Block: Large shield      |       |    27 |   324 |   385 ||   736
       Rpst.: Falchion   |    26 |    26 |    31 |       ||    83
